MID
GREAT LAKES LOONS @ KANE COUNTY COUGARS
08/12/2049
 
TOP OF THE 1ST
Great Lakes Loons batting - Pitching for Kane County Cougars : RHP Marco Rodriguez
Pitching: RHP Marco Rodriguez
Batting: RHB Pablo Lopez 0-0: Ball
1-0: Foul Ball, location: 2F
1-1: Swinging Strike
1-2: Strikes out swinging
Batting: SHB Hank Arias 0-0: Ball
1-0: Bunted foul
1-1: Foul Ball, location: 2F
1-2: Ball
2-2: Ground out 6-3 (Groundball, 6, EV 86.2 MPH)
Batting: LHB Jim Jardine 0-0: Foul Ball, location: 2F
0-1: Ball
1-1: SINGLE (Groundball, 56S, EV 63.8 MPH) (infield hit)
Batting: RHB Eddie Perry 0-0: Ball
1-0: SINGLE (Line Drive, 5D, EV 105.0 MPH)
Jim Jardine to second
Batting: LHB Josh Moore 0-0: Ball
Passed Ball!
Jim Jardine to third
Eddie Perry to second
1-0: Ball
2-0: Fly out, F4 (Line Drive, 4, EV 61.2 MPH)
Top of the 1st over - 0 runs, 2 hits, 0 errors, 2 left on base; Great Lakes 0 - Kane County 0
BOTTOM OF THE 1ST
Kane County Cougars batting - Pitching for Great Lakes Loons : RHP Sergio Quinones
Pitching: RHP Sergio Quinones
Batting: RHB Mike Smith 0-0: Foul Ball, location: 2F
0-1: Called Strike
0-2: Strikes out swinging
Batting: LHB Jeff Trapp 0-0: Called Strike
0-1: Swinging Strike
0-2: Ball
1-2: Ball
2-2: Strikes out swinging
Batting: RHB Chad Mendoza 0-0: Called Strike
0-1: Ball
1-1: Foul Ball, location: 2F
1-2: Fly out, F5 (Line Drive, 5, EV 71.2 MPH)
Bottom of the 1st over - 0 runs, 0 hits, 0 errors, 0 left on base; Great Lakes 0 - Kane County 0
TOP OF THE 2ND
Great Lakes Loons batting - Pitching for Kane County Cougars : RHP Marco Rodriguez
Batting: RHB Alex Melgoza 0-0: Called Strike
0-1: Ball
1-1: Called Strike
1-2: Strikes out swinging
Batting: SHB Danny Jensen 0-0: Ball
1-0: Ground out U3 (Groundball, 34S, EV 80.0 MPH)
Batting: RHB Aaron Joseph 0-0: Called Strike
0-1: Ball
1-1: Foul Ball, location: 2F
1-2: Strikes out swinging
Top of the 2nd over - 0 runs, 0 hits, 0 errors, 0 left on base; Great Lakes 0 - Kane County 0
BOTTOM OF THE 2ND
Kane County Cougars batting - Pitching for Great Lakes Loons : RHP Sergio Quinones
Batting: RHB Longfellow Wetzler 0-0: Called Strike
0-1: Ball
1-1: Fly out, F8 (Flyball, 8RD, EV 76.9 MPH)
Batting: RHB Bobby Coulombe 0-0: Foul Ball, location: 2F
0-1: Foul Ball, location: 2F
0-2: Ball
1-2: Foul Ball, location: 2F
1-2: Strikes out swinging
Batting: RHB Sergio Manzanero 0-0: Called Strike
0-1: Called Strike
0-2: Ball
1-2: Ball
2-2: Fly out, F8 (Line Drive, 89D, EV 93.1 MPH)
Bottom of the 2nd over - 0 runs, 0 hits, 0 errors, 0 left on base; Great Lakes 0 - Kane County 0
TOP OF THE 3RD
Great Lakes Loons batting - Pitching for Kane County Cougars : RHP Marco Rodriguez
Batting: SHB Josh Vaill 0-0: Ball
1-0: Called Strike
1-1: Fly out, F8 (Flyball, 78D, EV 97.5 MPH)
Batting: RHB Pablo Lopez 0-0: Ground out 1-3 (Groundball, 13, EV 70.0 MPH)
Batting: SHB Hank Arias 0-0: Ball
1-0: Called Strike
1-1: Fly out, F9 (Flyball, 9LM, EV 89.4 MPH)
Top of the 3rd over - 0 runs, 0 hits, 0 errors, 0 left on base; Great Lakes 0 - Kane County 0
BOTTOM OF THE 3RD
Kane County Cougars batting - Pitching for Great Lakes Loons : RHP Sergio Quinones
Batting: RHB Cesar Rendon 0-0: Ball
1-0: Called Strike
1-1: Foul Ball, location: 2F
1-2: Fly out, F7 (Line Drive, 7, EV 106.9 MPH)
Batting: RHB Jeremy Adams 0-0: Ball
1-0: Foul Ball, location: 2F
1-1: Swinging Strike
1-2: Ground out 1-3 (Groundball, 15S, EV 71.9 MPH)
Batting: RHB Curt Barrett 0-0: Ball
1-0: Ground out 4-3 (Groundball, 4S, EV 85.6 MPH)
Bottom of the 3rd over - 0 runs, 0 hits, 0 errors, 0 left on base; Great Lakes 0 - Kane County 0
TOP OF THE 4TH
Great Lakes Loons batting - Pitching for Kane County Cougars : RHP Marco Rodriguez
Batting: LHB Jim Jardine 0-0: Ball
1-0: Ball
2-0: Foul Ball, location: 2F
2-1: Ground out 1-3 (Groundball, 25, EV 63.8 MPH)
Batting: RHB Eddie Perry 0-0: Swinging Strike
0-1: Called Strike
0-2: Strikes out looking
Batting: LHB Josh Moore 0-0: Called Strike
0-1: Called Strike
0-2: Foul Ball, location: 2F
0-2: Hit by Pitch
Batting: RHB Alex Melgoza 0-0: Ground out 1-3 (Groundball, 13, EV 73.1 MPH)
Top of the 4th over - 0 runs, 0 hits, 0 errors, 1 left on base; Great Lakes 0 - Kane County 0
BOTTOM OF THE 4TH
Kane County Cougars batting - Pitching for Great Lakes Loons : RHP Sergio Quinones
Batting: RHB Mike Smith 0-0: DOUBLE (Line Drive, 9LS, EV 110.0 MPH)
Batting: LHB Jeff Trapp 0-0: Ball
1-0: Ball
2-0: Foul Ball, location: 2F
2-1: Ground out 6-3 (Groundball, 6M, EV 86.9 MPH)
Mike Smith to third
Batting: RHB Chad Mendoza 0-0: Called Strike
0-1: Ball
Passed Ball!
Mike Smith scores
1-1: Foul Ball, location: 2F
1-2: Ball
2-2: Ground out 6-3 (Groundball, 56, EV 91.2 MPH)
Batting: RHB Longfellow Wetzler 0-0: Ball
1-0: Called Strike
1-1: Called Strike
1-2: Ball
2-2: Ball
3-2: Foul Ball, location: 2F
3-2: Foul Ball, location: 2F
3-2: Ground out 5-3 (Groundball, 56, EV 82.5 MPH)
Bottom of the 4th over - 1 run, 1 hit, 0 errors, 0 left on base; Great Lakes 0 - Kane County 1
TOP OF THE 5TH
Great Lakes Loons batting - Pitching for Kane County Cougars : RHP Marco Rodriguez
Batting: SHB Danny Jensen 0-0: Ball
1-0: Ball
2-0: SINGLE (Groundball, 34D, EV 102.5 MPH)
Batting: RHB Aaron Joseph 0-0: Ball
1-0: Swinging Strike
1-1: Ball
2-1: Fly out, F8 (Flyball, 8LD, EV 100.0 MPH)
Batting: SHB Josh Vaill 0-0: Swinging Strike
0-1: Swinging Strike
0-2: Strikes out swinging
Batting: RHB Pablo Lopez 0-0: Ball
1-0: Ball
2-0: Ball
3-0: Called Strike
3-1: Base on Balls
Danny Jensen to second
Batting: SHB Hank Arias 0-0: Fielders Choice at 2nd, 6-4 (Groundball, 6, EV 79.4 MPH)
Top of the 5th over - 0 runs, 1 hit, 0 errors, 2 left on base; Great Lakes 0 - Kane County 1
BOTTOM OF THE 5TH
Kane County Cougars batting - Pitching for Great Lakes Loons : RHP Sergio Quinones
Batting: RHB Bobby Coulombe 0-0: Ground out 3-1 (Groundball, 34S, EV 83.1 MPH)
Batting: RHB Sergio Manzanero 0-0: Called Strike
0-1: Called Strike
0-2: Ball
1-2: Ground out 4-3 (Groundball, 4, EV 98.1 MPH)
Pitching: RHP Chris Close
Batting: RHB Cesar Rendon 0-0: Fly out, F8 (Flyball, 8LD, EV 100.0 MPH)
Bottom of the 5th over - 0 runs, 0 hits, 0 errors, 0 left on base; Great Lakes 0 - Kane County 1
TOP OF THE 6TH
Great Lakes Loons batting - Pitching for Kane County Cougars : RHP Marco Rodriguez
Batting: LHB Jim Jardine 0-0: Called Strike
0-1: Ground out U3 (Groundball, 34, EV 90.0 MPH)
Batting: RHB Eddie Perry 0-0: Ball
1-0: Foul Ball, location: 2F
1-1: Called Strike
1-2: Foul Ball, location: 2F
1-2: Ball
2-2: Strikes out swinging
Batting: LHB Josh Moore 0-0: Called Strike
0-1: Ball
1-1: Foul Ball, location: 2F
1-2: Ball
2-2: Ball
3-2: Foul Ball, location: 2F
3-2: Strikes out swinging
Top of the 6th over - 0 runs, 0 hits, 0 errors, 0 left on base; Great Lakes 0 - Kane County 1
BOTTOM OF THE 6TH
Kane County Cougars batting - Pitching for Great Lakes Loons : RHP Chris Close
Batting: RHB Jeremy Adams 0-0: Ball
1-0: Fly out, F9 (Flyball, 9LM, EV 86.2 MPH)
Batting: RHB Curt Barrett 0-0: Called Strike
0-1: Foul Ball, location: 2F
0-2: Foul Ball, location: 2F
0-2: Ball
1-2: Ball
2-2: Foul Ball, location: 2F
2-2: Hit by Pitch
Batting: RHB Mike Smith 0-0: Ball
1-0: Fielders Choice at 2nd, 6-4 (Groundball, 6, EV 89.4 MPH)
Batting: LHB Jeff Trapp 0-0: Called Strike
0-1: Ball
1-1: Ball
2-1: Foul Ball, location: 2F
2-2: Strikes out swinging
Bottom of the 6th over - 0 runs, 0 hits, 0 errors, 1 left on base; Great Lakes 0 - Kane County 1
TOP OF THE 7TH
Great Lakes Loons batting - Pitching for Kane County Cougars : RHP Marco Rodriguez
Pitching: LHP Matt Bagnall
Batting: RHB Alex Melgoza 0-0: Called Strike
0-1: Swinging Strike
0-2: Foul Ball, location: 2F
0-2: Ball
1-2: Ball
2-2: Foul Ball, location: 2F
2-2: Foul Ball, location: 2F
2-2: SINGLE (Groundball, 6MS, EV 65.0 MPH) (infield hit)
Batting: SHB Danny Jensen 0-0: Called Strike
0-1: Swinging Strike
0-2: Strikes out swinging
Batting: RHB Aaron Joseph 0-0: Ball
1-0: Ball
2-0: SINGLE (Groundball, 4MD, EV 81.9 MPH) (infield hit)
Alex Melgoza to second
Pinch Runner at 2nd Ramon Vega:
Batting: SHB Josh Vaill 0-0: Fielders Choice at 2nd, U6 (Groundball, 4M, EV 100.0 MPH)
Ramon Vega to third
Batting: RHB Pablo Lopez 0-0: Ball
1-0: Ball
2-0: Ball
3-0: Called Strike
3-1: DOUBLE (Groundball, 5L, EV 95.0 MPH)
Ramon Vega scores
Josh Vaill to third
Runner from 3rd tries for Home, throw by LF and OUT! 7-6-2
Top of the 7th over - 1 run, 3 hits, 0 errors, 1 left on base; Great Lakes 1 - Kane County 1
BOTTOM OF THE 7TH
Kane County Cougars batting - Pitching for Great Lakes Loons : RHP Chris Close
Pitching: LHP John Miller
Now in LF: Ramon Vega
Now in RF: Josh Moore
Batting: RHB Chad Mendoza 0-0: Ball
1-0: Ball
2-0: Foul Ball, location: 2F
2-1: Ball
3-1: Swinging Strike
3-2: Base on Balls
Batting: RHB Longfellow Wetzler 0-0: Called Strike
0-1: Ball
1-1: Ball
2-1: SINGLE (Groundball, 56S, EV 68.8 MPH) (infield hit)
Chad Mendoza to second
Batting: RHB Bobby Coulombe 0-0: Ball
1-0: Ball
2-0: Foul Ball, location: 2F
2-1: Ball
3-1: Foul Ball, location: 2F
3-2: Foul Ball, location: 2F
3-2: Strikes out swinging
Batting: RHB Sergio Manzanero 0-0: Ball
Wild Pitch!
Chad Mendoza to third
Longfellow Wetzler to second
1-0: Called Strike
1-1: Foul Ball, location: 2F
1-2: Strikes out swinging
Batting: RHB Cesar Rendon 0-0: Called Strike
0-1: Called Strike
0-2: DOUBLE (Groundball, 5L, EV 96.9 MPH)
Chad Mendoza scores
Longfellow Wetzler scores
Pinch Runner at 2nd J.P. Olson:
Batting: RHB Jeremy Adams 0-0: Called Strike
0-1: Ball
1-1: SINGLE (Groundball, P, EV 79.4 MPH) (infield hit)
J.P. Olson to third
Batting: RHB Curt Barrett 0-0: Swinging Strike
0-1: DOUBLE (Line Drive, 89D, EV 108.1 MPH)
J.P. Olson scores
Jeremy Adams to third
Batting: RHB Mike Smith 0-0: Intentional Walk
Batting: LHB Jeff Trapp 0-0: Ball
1-0: Ball
2-0: Ball
3-0: Called Strike
3-1: GRAND SLAM HOME RUN (Flyball, 9LD, EV 92.5 MPH), Distance : 341 ft
Pitching: RHP Jeff Lewis
Pinch Hitting: LHB Tae-geun Kwang 0-0: Ball
1-0: Swinging Strike
1-1: Ball
2-1: Swinging Strike
2-2: Strikes out swinging
Bottom of the 7th over - 7 runs, 5 hits, 0 errors, 0 left on base; Great Lakes 1 - Kane County 8
TOP OF THE 8TH
Great Lakes Loons batting - Pitching for Kane County Cougars : LHP Matt Bagnall
Now at 1B: Tae-geun Kwang
Now in RF: J.P. Olson
Batting: SHB Hank Arias 0-0: Swinging Strike
0-1: Ball
1-1: Called Strike
1-2: Ground out 4-3 (Groundball, 34, EV 106.2 MPH)
Batting: LHB Jim Jardine 0-0: Foul Ball, location: 2F
0-1: Ball
1-1: Called Strike
1-2: Ball
2-2: Strikes out swinging
Batting: RHB Eddie Perry 0-0: DOUBLE (Line Drive, 9LD, EV 111.9 MPH)
Batting: LHB Josh Moore 0-0: Ball
1-0: Called Strike
1-1: Ball
2-1: Swinging Strike
2-2: Ball
3-2: Ground out 4-3 (Groundball, 4, EV 101.9 MPH)
Top of the 8th over - 0 runs, 1 hit, 0 errors, 1 left on base; Great Lakes 1 - Kane County 8
BOTTOM OF THE 8TH
Kane County Cougars batting - Pitching for Great Lakes Loons : RHP Jeff Lewis
Batting: RHB Longfellow Wetzler 0-0: Called Strike
0-1: Swinging Strike
0-2: Strikes out looking
DELAY Rain delay of 100 minutes in the 8th inning.
Batting: RHB Bobby Coulombe 0-0: Foul Ball, location: 2F
0-1: Ball
1-1: Fly out, F8 (Flyball, 8RM, EV 73.8 MPH)
Batting: RHB Sergio Manzanero 0-0: Foul Ball, location: 2F
0-1: Swinging Strike
0-2: Ball
1-2: Ball
2-2: Ball
3-2: Foul Ball, location: 2F
3-2: Foul Ball, location: 2F
3-2: Foul Ball, location: 2F
3-2: Fly out, F9 (Flyball, 9, EV 86.2 MPH)
Bottom of the 8th over - 0 runs, 0 hits, 0 errors, 0 left on base; Great Lakes 1 - Kane County 8
TOP OF THE 9TH
Great Lakes Loons batting - Pitching for Kane County Cougars : LHP Matt Bagnall
Pitching: RHP Alan Muth
Batting: LHB Ramon Vega 0-0: Ball
1-0: Foul Ball, location: 2F
1-1: Hit by Pitch
Batting: SHB Danny Jensen 0-0: Fielders Choice at 2nd, 3-6 (Groundball, 34, EV 102.5 MPH)
Batting: RHB Aaron Joseph 0-0: Ball
1-0: SINGLE (Flyball, 3D, EV 96.2 MPH)
Danny Jensen to second
Batting: SHB Josh Vaill 0-0: Ball
1-0: Called Strike
1-1: Ball
2-1: Ball
3-1: Called Strike
3-2: Base on Balls
Danny Jensen to third
Aaron Joseph to second
Batting: RHB Pablo Lopez 0-0: Ball
1-0: Fielders Choice at 2nd, 3-6 (Groundball, 3, EV 106.2 MPH)
Danny Jensen scores
Aaron Joseph to third
Batting: SHB Hank Arias 0-0: Ball
1-0: Swinging Strike
1-1: Swinging Strike
1-2: Foul Ball, location: 2F
1-2: Ball
2-2: Strikes out swinging
Top of the 9th over - 1 run, 1 hit, 0 errors, 2 left on base; Great Lakes 2 - Kane County 8
Sunday, July 16th , 2023 - OOTP Baseball 24.6 Build 69